AoeStats
← PAnDA_2_0

Migration

509947732Analyzed
1v1 RM · 4d ago on Sep 28, 2026· 29m 15s· 2 players
Game mode
Random Map
Map size
132×132
Population
200
Speed
Normal
Resources
Standard
Victory
Conquest
Starting age
Dark Age
Ending age
Imperial Age
RankedLock teamsTeams togetherTeam positionsShared explorationLock speedFull tech treeHidden civsTurbo modeCheats
Victory
Defeat
🇷🇺 Chinese · Russia
1141
+46
🇬🇷 Celts · Greece
1157
-17
PAnDA_2_0
0:55 Loom
10:48 Feudal Age
11:39 Double-Bit Axe
12:34 Fishing Lines
17:25 Castle Age
16:09 Fletching
19:17 Medium Warships
19:37 Bodkin Arrow
21:24 Wheelbarrow
21:07 Bow Saw
20:34 Crossbowman
21:12 Stone Mining
Kaisar
10:14 Loom
13:03 Feudal Age
17:00 Castle Age
15:22 Double-Bit Axe
21:51 Wheelbarrow
Connection lost

Rejoining the realm…

Still unreachable

The connection could not be restored.

Session expired

The server has moved on; the page needs a fresh start.